Devils vs Oilers
Created - December 27, 2020 at 19:01
Goals
|
| Devils |
2 |
0 |
0 |
2 |
| Oilers |
0 |
0 |
4 |
4 |
|
Shots
|
| Devils |
9 |
17 |
5 |
31 |
| Oilers |
7 |
3 |
18 |
28 |
|
1st period
1. Devils , Zach Parise 8 (Chris Stewart 10, Jamie Arniel 10) at 7:28
2. Devils , Jamie Arniel 5 (Josh Gorges 5) at 10:00
Penalties :
Jamie Arniel (NJD) for Hooking (Minor) at 3:16, Patrick Kaleta (NJD) for Tripping (Minor) at 16:58
2nd period
No Goal
Penalties :
Nick Bonino (NJD) for High sticking (Minor) at 12:10
3rd period
3. Oilers , Rostislav Olesz 5 (Tobias Enstrom 9, Leon Draisaitl 11) at 5:44
4. Oilers , Rostislav Olesz 6 (Travis Hamonic 9) at 6:17
5. Oilers , Pavel Buchnevich 6 (Riley Sheahan 13) at 8:20
6. Oilers , Johnny Gaudreau 11 (Shea Weber 7, Claude Giroux 17) at 12:53
Penalties :
Nazem Kadri (NJD) for Hooking (Minor) at 0:20, Kellan Lain (EDM) for Hooking (Minor) at 3:31, Claude Giroux (EDM) for Hooking (Minor) at 9:38, Kristopher Letang (NJD) for Roughing (Minor) at 13:41, Kristopher Letang (NJD) for Hooking (Minor) at 17:53
Goalie Stats
Maxime Daigneault (NJD), 24 saves from 28 shots - (0.857), L, 13-9-3, 60:00 minutes
Marc-André Fleury (EDM), 29 saves from 31 shots - (0.935), W, 10-9-3, 60:00 minutes
Players Stats for Devils
Player Name G A P +/- PIM S H SB GA TA FO MP PP MP PK MP
------------------------------------------------------------------------------------
Anton Stralman 0 0 0 -3 0 2 1 0 0 0 0/0 27:02 2:04 7:00
Brad Richards 0 0 0 0 0 1 2 0 0 0 2/4 12:47 1:45 2:47
Brad Richardson 0 0 0 -1 0 0 2 0 0 0 0/0 6:37 0:00 0:00
Chris Stewart 0 1 1 1 0 1 0 0 0 0 1/2 14:16 1:45 0:00
Eric Tangradi 0 0 0 -1 0 1 0 0 0 0 0/0 8:42 0:00 1:58
Jamie Arniel 1 1 2 1 2 7 1 0 1 2 6/14 15:51 0:04 2:25
Josh Gorges 0 1 1 1 0 1 0 2 0 1 0/0 24:42 1:54 7:00
Kristopher Letang 0 0 0 -3 4 3 2 2 0 1 0/0 18:50 2:04 0:00
Marian Gaborik 0 0 0 -2 0 0 2 0 0 1 0/0 17:34 2:13 0:00
Martin Samuelsson 0 0 0 0 0 0 1 0 0 0 9/9 14:53 0:00 6:28
Matt Donovan 0 0 0 0 0 3 5 1 0 1 0/0 17:05 0:00 4:54
Michael Del Zotto 0 0 0 1 0 0 0 0 1 0 0/0 21:02 1:54 4:54
Nazem Kadri 0 0 0 -2 2 0 3 3 1 0 11/20 18:34 2:09 0:37
Nick Bonino 0 0 0 -1 2 0 0 0 0 0 0/2 6:49 0:00 0:00
Patrick Kaleta 0 0 0 0 2 6 1 1 0 1 0/1 14:32 0:04 5:30
Thomas Hickey 0 0 0 0 0 1 1 0 0 0 0/0 11:56 0:00 0:00
Tyler Ennis 0 0 0 -2 0 1 4 1 0 1 0/2 17:22 2:09 0:00
Zach Parise 1 0 1 1 0 4 3 1 0 0 1/1 19:26 1:45 4:03
Players Stats for Oilers
Player Name G A P +/- PIM S H SB GA TA FO MP PP MP PK MP
------------------------------------------------------------------------------------
Anthony Stewart 0 0 0 1 0 0 0 0 0 0 0/0 8:10 0:00 0:00
Brady Skjei 0 0 0 3 0 1 1 0 1 0 0/0 24:18 6:15 0:00
Claude Giroux 0 1 1 1 2 6 0 1 0 0 0/1 17:27 5:00 0:00
Connor McDavid 0 0 0 0 0 1 1 0 1 0 5/18 20:35 6:08 0:49
Denis Grebeshkov 0 0 0 -1 0 0 0 1 0 0 0/0 17:10 5:27 1:45
Johnny Gaudreau 1 0 1 1 0 3 1 2 1 0 0/0 20:31 6:09 1:18
Jordan Caron 0 0 0 0 0 0 1 0 0 0 0/0 7:31 0:00 0:00
Kellan Lain 0 0 0 0 2 1 3 0 0 0 1/1 10:17 0:43 1:01
Kevin Porter 0 0 0 0 0 2 1 0 1 0 1/2 9:03 0:00 1:29
Leon Draisaitl 0 1 1 1 0 1 1 0 0 0 3/4 14:19 5:31 0:00
Oscar Klefbom 0 0 0 0 0 3 0 0 1 1 0/0 22:10 5:39 0:00
Pavel Buchnevich 1 0 1 0 0 4 0 2 0 1 0/0 21:02 6:23 0:00
Riley Sheahan 0 1 1 0 0 1 2 0 0 0 15/28 16:35 0:00 2:04
Rostislav Olesz 2 0 2 1 0 2 0 0 0 0 0/1 9:22 0:17 0:00
Shea Weber 0 1 1 4 0 1 2 2 0 1 0/0 27:03 6:15 2:13
Taylor Hall 0 0 0 0 0 1 1 1 3 0 0/0 21:28 5:31 1:15
Tobias Enstrom 0 1 1 -1 0 1 1 0 0 0 0/0 14:44 0:12 2:13
Travis Hamonic 0 1 1 0 0 0 0 0 0 0 0/0 14:15 0:00 1:45
3 Stars
1 - Rostislav Olesz (EDM)
2 - Shea Weber (EDM)
3 - Johnny Gaudreau (EDM)
Power Play
Devils - 0 on 2 Attempt(s) - 0.00%
Oilers - 0 on 6 Attempt(s) - 0.00%
Penalty Kill
Devils - 6 on 6 Attempt(s) - 100.00%
- Score 0 goal in Penalty Kill
Oilers - 2 on 2 Attempt(s) - 100.00%
- Score 0 goal in Penalty Kill
Team Stat
Devils - Hits : 28 - Faceoff Wins : 30 - Blocked Shots : 11 - Penalty Minutes : 12
Oilers - Hits : 15 - Faceoff Wins : 25 - Blocked Shots : 9 - Penalty Minutes : 4
Official
Referees : Unknown
Linesman : Unknown
Game Notes
No Game Note
Finance
Level 1 -- Attendance: 5144 (85.73%) -- Ticket Income $565,840
Level 2 -- Attendance: 4014 (80.28%) -- Ticket Income $280,980
Level 3 -- Attendance: 1603 (80.15%) -- Ticket Income $73,738
Level 4 -- Attendance: 2920 (73.00%) -- Ticket Income $87,600
Luxury Box -- Attendance: 1000 (100.00%) -- Ticket Income $180,000
Game was played at the The prudential Center.
Total Attendance: 14681 (81.56%)
Total Ticket Income: $1,188,158
Other Income: $178,224
Total Income: $1,366,382
Devils
5 vs 5 Forward
Center Left Wing Right Wing Time % Phy DF OF
1 Nazem Kadri Tyler Ennis Marian Gaborik 36 0 2 3
2 Jamie Arniel Zach Parise Chris Stewart 32 0 2 3
3 Brad Richards Martin Samuelsson Patrick Kaleta 22 0 2 3
4 Nick Bonino Eric Tangradi Brad Richardson 10 0 2 3
5 vs 5 Defense
Defense Defense Time % Phy DF OF
1 Kristopher Letang Anton Stralman 40 0 3 2
2 Michael Del Zotto Josh Gorges 35 0 3 2
3 Thomas Hickey Matt Donovan 25 0 3 2
4 Kristopher Letang Anton Stralman 0 1 2 2
PowerPlay Forward
Center Left Wing Right Wing Time % Phy DF OF
1 Nazem Kadri Tyler Ennis Marian Gaborik 60 0 1 4
2 Brad Richards Zach Parise Chris Stewart 40 0 1 4
PowerPlay Defense
Defense Defense Time % Phy DF OF
1 Kristopher Letang Anton Stralman 60 0 1 4
2 Michael Del Zotto Josh Gorges 40 0 1 4
Penalty Kill 4 Players Forward
Center Wing Time % Phy DF OF
1 Martin Samuelsson Patrick Kaleta 60 1 3 1
2 Jamie Arniel Zach Parise 40 1 3 1
Penalty Kill 4 Players Defense
Defense Defense Time % Phy DF OF
1 Anton Stralman Josh Gorges 60 1 4 0
2 Michael Del Zotto Matt Donovan 40 1 4 0
Penalty Kill - 3 Players Forward
Forward Time % Phy DF OF
1 Zach Parise 60 1 3 1
2 Brad Richards 40 1 3 1
Penalty Kill - 3 Players Defense
Defense Defense Time % Phy DF OF
1 Kristopher Letang Anton Stralman 60 1 4 0
2 Michael Del Zotto Josh Gorges 40 1 4 0
4 vs 4 Forward
Center Wing Time % Phy DF OF
1 Nazem Kadri Tyler Ennis 60 0 2 3
2 Brad Richards Marian Gaborik 40 0 2 3
4 vs 4 Defense
Defense Defense Time % Phy DF OF
1 Kristopher Letang Anton Stralman 60 0 3 2
2 Michael Del Zotto Josh Gorges 40 0 3 2
Last Minutes Offensive
Center Left Wing Right Wing Defense Defense
Nazem Kadri Tyler Ennis Marian Gaborik Kristopher Letang Michael Del Zotto
Last Minutes Defensive
Center Left Wing Right Wing Defense Defense
Jamie Arniel Zach Parise Patrick Kaleta Josh Gorges Anton Stralman
Goaltenders
Starting : Maxime Daigneault
Backup : Thomas McCollum
Extra Forwards
Normal : Brad Richards, Patrick Kaleta, Martin Samuelsson - PP : Jamie Arniel, Patrick Kaleta - PK : Brad Richards
Extra Defensemen
Normal : Kristopher Letang, Matt Donovan, Michael Del Zotto - PP : Michael Del Zotto - PK : Kristopher Letang, Anton Stralman
Penalty Shots
Marian Gaborik, Tyler Ennis, Nazem Kadri, Chris Stewart, Zach Parise
Scratches
Mike Weber (Healthy)
Oilers
5 vs 5 Forward
Center Left Wing Right Wing Time % Phy DF OF
1 Riley Sheahan Taylor Hall Pavel Buchnevich 40 1 2 2
2 Connor McDavid Johnny Gaudreau Claude Giroux 30 1 2 2
3 Leon Draisaitl Rostislav Olesz Anthony Stewart 20 1 2 2
4 Kevin Porter Kellan Lain Jordan Caron 10 1 2 2
5 vs 5 Defense
Defense Defense Time % Phy DF OF
1 Shea Weber Brady Skjei 40 1 2 2
2 Travis Hamonic Oscar Klefbom 30 1 2 2
3 Tobias Enstrom Denis Grebeshkov 20 1 2 2
4 Tobias Enstrom Oscar Klefbom 10 1 2 2
PowerPlay Forward
Center Left Wing Right Wing Time % Phy DF OF
1 Connor McDavid Johnny Gaudreau Pavel Buchnevich 60 0 2 3
2 Leon Draisaitl Taylor Hall Claude Giroux 40 0 2 3
PowerPlay Defense
Defense Defense Time % Phy DF OF
1 Brady Skjei Shea Weber 60 0 2 3
2 Oscar Klefbom Denis Grebeshkov 40 0 2 3
Penalty Kill 4 Players Forward
Center Wing Time % Phy DF OF
1 Riley Sheahan Kellan Lain 60 0 3 2
2 Kevin Porter Taylor Hall 40 0 3 2
Penalty Kill 4 Players Defense
Defense Defense Time % Phy DF OF
1 Tobias Enstrom Shea Weber 60 0 3 2
2 Travis Hamonic Denis Grebeshkov 40 0 3 2
Penalty Kill - 3 Players Forward
Forward Time % Phy DF OF
1 Claude Giroux 60 0 3 2
2 Taylor Hall 40 0 3 2
Penalty Kill - 3 Players Defense
Defense Defense Time % Phy DF OF
1 Travis Hamonic Shea Weber 60 0 3 2
2 Tobias Enstrom Denis Grebeshkov 40 0 3 2
4 vs 4 Forward
Center Wing Time % Phy DF OF
1 Riley Sheahan Taylor Hall 60 1 2 2
2 Kevin Porter Claude Giroux 40 1 2 2
4 vs 4 Defense
Defense Defense Time % Phy DF OF
1 Travis Hamonic Shea Weber 60 1 2 2
2 Tobias Enstrom Brady Skjei 40 1 2 2
Last Minutes Offensive
Center Left Wing Right Wing Defense Defense
Connor McDavid Taylor Hall Claude Giroux Travis Hamonic Shea Weber
Last Minutes Defensive
Center Left Wing Right Wing Defense Defense
Riley Sheahan Taylor Hall Claude Giroux Travis Hamonic Shea Weber
Goaltenders
Starting : Marc-André Fleury
Backup : Jonas Gustavsson
Extra Forwards
Normal : Kellan Lain, Rostislav Olesz, Kevin Porter - PP : Kellan Lain, Rostislav Olesz - PK : Kevin Porter
Extra Defensemen
Normal : Denis Grebeshkov, Oscar Klefbom, Tobias Enstrom - PP : Brady Skjei - PK : Oscar Klefbom, Tobias Enstrom
Penalty Shots
Claude Giroux, Taylor Hall, Johnny Gaudreau, Riley Sheahan, Kellan Lain
Scratches
Ryan Whitney (Healthy)
% Time on Ice - Devils
Lines # - Real PCT - Wanted PCT - Time Play
Normal Forward
1 - 37% - 36% - 16:31
2 - 30% - 32% - 13:12
3 - 18% - 22% - 7:48
4 - 15% - 10% - 6:37
Normal Defense
1 - 41% - 40% - 17:58
2 - 32% - 35% - 14:14
3 - 27% - 25% - 11:56
4 - 0% - 0% - 0:00
PP Forward
1 - 56% - 60% - 2:13
2 - 44% - 40% - 1:45
PP Defense
1 - 52% - 60% - 2:04
2 - 48% - 40% - 1:54
PK Forward
1 - 72% - 60% - 8:36
2 - 28% - 40% - 3:18
PK Defense
1 - 59% - 60% - 7:00
2 - 41% - 40% - 4:54
PK3 Forward
1 - 0% - 60%
2 - 0% - 40%
PK3 Defense
1 - 0% - 60%
2 - 0% - 40%
44 Forward
1 - 0% - 60%
2 - 0% - 40%
44 Defense
1 - 0% - 60%
2 - 0% - 40%
Last Minute Offensive - 0:00
Last Minute Defensive - 0:00
Total
Forward - 60:00
Defense - 60:00
|
% Time on Ice - Oilers
Lines # - Real PCT - Wanted PCT - Time Play
Normal Forward
1 - 35% - 40% - 15:38
2 - 29% - 30% - 12:49
3 - 19% - 20% - 8:10
4 - 17% - 10% - 7:31
Normal Defense
1 - 42% - 40% - 18:35
2 - 32% - 30% - 14:19
3 - 18% - 20% - 8:09
4 - 7% - 10% - 3:05
PP Forward
1 - 54% - 60% - 6:23
2 - 46% - 40% - 5:31
PP Defense
1 - 53% - 60% - 6:15
2 - 47% - 40% - 5:39
PK Forward
1 - 86% - 60% - 3:25
2 - 14% - 40% - 0:33
PK Defense
1 - 56% - 60% - 2:13
2 - 44% - 40% - 1:45
PK3 Forward
1 - 0% - 60%
2 - 0% - 40%
PK3 Defense
1 - 0% - 60%
2 - 0% - 40%
44 Forward
1 - 0% - 60%
2 - 0% - 40%
44 Defense
1 - 0% - 60%
2 - 0% - 40%
Last Minute Offensive - 0:00
Last Minute Defensive - 0:00
Total
Forward - 60:00
Defense - 60:00
|
Play-by-Play
1st period
0:01 of 1st period - Nazem Kadri wins face-off versus Riley Sheahan in neutral zone.
1:03 of 1st period - Snap shot by Brad Richards.
1:03 of 1st period - Shot Misses the Net.
1:19 of 1st period - Wrist shot by Eric Tangradi.
1:19 of 1st period - Stopped by Marc-André Fleury without a rebound.
1:20 of 1st period - Nazem Kadri wins face-off versus Riley Sheahan in Oilers zone.
1:47 of 1st period - Taylor Hall is hit by Matt Donovan and loses puck.
2:16 of 1st period - Wrist shot by Johnny Gaudreau.
2:16 of 1st period - Stopped by Maxime Daigneault without a rebound.
2:17 of 1st period - Nazem Kadri wins face-off versus Connor McDavid in Devils zone.
2:17 of 1st period - Nazem Kadri is hit by Shea Weber.
2:25 of 1st period - Brady Skjei is hit by Tyler Ennis.
3:16 of 1st period - Minor Penalty to Jamie Arniel for Hooking.
3:17 of 1st period - Martin Samuelsson wins face-off versus Leon Draisaitl in Devils zone.
5:16 of 1st period - Penalty to Jamie Arniel is over, Jamie Arniel is back on ice.
5:22 of 1st period - Icing by Denis Grebeshkov.
5:23 of 1st period - Connor McDavid wins face-off versus Nazem Kadri in Oilers zone.
5:36 of 1st period - Kevin Porter is hit by Brad Richardson and loses puck.
5:45 of 1st period - Backhand shot by Nick Bonino.
5:45 of 1st period - Shot Misses the Net.
6:25 of 1st period - Slapshot by Kellan Lain.
6:25 of 1st period - Stopped by Maxime Daigneault with a rebound.
7:08 of 1st period - Wrist shot by Pavel Buchnevich.
7:08 of 1st period - Shot Misses the Net.
7:28 of 1st period - Snap shot by Zach Parise.
7:28 of 1st period - Goal by Zach Parise - Devils : 1 - Oilers : 0.
7:29 of 1st period - Jamie Arniel wins face-off versus Riley Sheahan in neutral zone.
8:17 of 1st period - Slapshot by Shea Weber.
8:17 of 1st period - Shot Blocked by Kristopher Letang.
8:53 of 1st period - Wrist shot by Jamie Arniel.
8:53 of 1st period - Stopped by Marc-André Fleury with a rebound.
9:35 of 1st period - Slapshot by Oscar Klefbom.
9:35 of 1st period - Deflect By Eric Tangradi.
9:35 of 1st period - Stopped by Maxime Daigneault with a rebound.
9:47 of 1st period - Pavel Buchnevich is hit by Matt Donovan and loses puck.
10:00 of 1st period - Wrist shot by Jamie Arniel.
10:00 of 1st period - Goal by Jamie Arniel - Devils : 2 - Oilers : 0.
10:01 of 1st period - Riley Sheahan wins face-off versus Nazem Kadri in neutral zone.
10:37 of 1st period - Rostislav Olesz is hit by Zach Parise and loses puck.
10:52 of 1st period - Travis Hamonic is hit by Patrick Kaleta and loses puck.
11:34 of 1st period - Wrist shot by Taylor Hall.
11:34 of 1st period - Shot Misses the Net.
11:36 of 1st period - Wrist shot by Taylor Hall.
11:36 of 1st period - Shot Misses the Net.
11:38 of 1st period - Wrist shot by Travis Hamonic.
11:38 of 1st period - Shot Blocked by Kristopher Letang.
11:40 of 1st period - Slapshot by Pavel Buchnevich.
11:40 of 1st period - Shot Misses the Net.
12:00 of 1st period - Wrist shot by Patrick Kaleta.
12:00 of 1st period - Stopped by Marc-André Fleury with a rebound.
12:02 of 1st period - Snap shot by Kristopher Letang.
12:02 of 1st period - Deflect By Tobias Enstrom.
12:02 of 1st period - Stopped by Marc-André Fleury with a rebound.
12:16 of 1st period - Chris Stewart is hit by Connor McDavid and loses puck.
12:22 of 1st period - Off-side.
12:23 of 1st period - Nazem Kadri wins face-off versus Claude Giroux in neutral zone.
12:30 of 1st period - Snap shot by Tyler Ennis.
12:30 of 1st period - Shot Blocked by Shea Weber.
12:48 of 1st period - Snap shot by Connor McDavid.
12:48 of 1st period - Shot Misses the Net.
13:06 of 1st period - Snap shot by Claude Giroux.
13:06 of 1st period - Shot Misses the Net.
13:10 of 1st period - Slapshot by Connor McDavid.
13:10 of 1st period - Stopped by Maxime Daigneault with a rebound.
13:12 of 1st period - Slapshot by Connor McDavid.
13:12 of 1st period - Shot Blocked by Nazem Kadri.
13:16 of 1st period - Wrist shot by Claude Giroux.
13:16 of 1st period - Stopped by Maxime Daigneault with a rebound.
13:18 of 1st period - Slapshot by Travis Hamonic.
13:18 of 1st period - Shot Blocked by Nazem Kadri.
13:51 of 1st period - Snap shot by Marian Gaborik.
13:51 of 1st period - Shot Misses the Net.
13:53 of 1st period - Slapshot by Kristopher Letang.
13:53 of 1st period - Shot Blocked by Johnny Gaudreau.
13:55 of 1st period - Wrist shot by Nazem Kadri.
13:55 of 1st period - Shot Blocked by Shea Weber.
13:57 of 1st period - Snap shot by Kristopher Letang.
13:57 of 1st period - Shot Misses the Net.
13:59 of 1st period - Wrist shot by Tyler Ennis.
13:59 of 1st period - Shot Misses the Net.
14:01 of 1st period - Slapshot by Kristopher Letang.
14:01 of 1st period - Shot Blocked by Johnny Gaudreau.
14:05 of 1st period - Snap shot by Tyler Ennis.
14:05 of 1st period - Stopped by Marc-André Fleury without a rebound.
14:06 of 1st period - Jamie Arniel wins face-off versus Riley Sheahan in Oilers zone.
14:07 of 1st period - Wrist shot by Zach Parise.
14:07 of 1st period - Stopped by Marc-André Fleury with a rebound.
14:13 of 1st period - Slapshot by Zach Parise.
14:13 of 1st period - Stopped by Marc-André Fleury with a rebound.
14:19 of 1st period - Snap shot by Jamie Arniel.
14:19 of 1st period - Deflect By Zach Parise.
14:19 of 1st period - Shot Misses the Net.
14:19 of 1st period - Puck is out of play.
14:20 of 1st period - Zach Parise wins face-off versus Riley Sheahan in Oilers zone.
14:37 of 1st period - Wrist shot by Pavel Buchnevich.
14:37 of 1st period - Shot Hit the Post.
15:57 of 1st period - Shea Weber is hit by Brad Richards and loses puck.
16:09 of 1st period - Michael Del Zotto is hit by Jordan Caron and loses puck.
16:58 of 1st period - Minor Penalty to Patrick Kaleta for Tripping.
16:59 of 1st period - Martin Samuelsson wins face-off versus Connor McDavid in Devils zone.
16:59 of 1st period - Martin Samuelsson is hit by Johnny Gaudreau.
17:30 of 1st period - Snap shot by Taylor Hall.
17:30 of 1st period - Shot Blocked by Josh Gorges.
17:32 of 1st period - Slapshot by Oscar Klefbom.
17:32 of 1st period - Stopped by Maxime Daigneault with a rebound.
17:34 of 1st period - Slapshot by Claude Giroux.
17:34 of 1st period - Shot Misses the Net.
17:36 of 1st period - Wrist shot by Leon Draisaitl.
17:36 of 1st period - Stopped by Maxime Daigneault with a rebound.
18:58 of 1st period - Penalty to Patrick Kaleta is over, Patrick Kaleta is back on ice.
Goals for this period are 2 for Devils vs 0 for Oilers.
Shots for this period are 9 for Devils vs 7 for Oilers.
2nd period
0:01 of 2nd period - Riley Sheahan wins face-off versus Jamie Arniel in neutral zone.
0:03 of 2nd period - Off-side.
0:04 of 2nd period - Riley Sheahan wins face-off versus Jamie Arniel in neutral zone.
1:01 of 2nd period - Brady Skjei is hit by Nazem Kadri.
1:19 of 2nd period - Wrist shot by Jordan Caron.
1:19 of 2nd period - Deflect By Kellan Lain.
1:19 of 2nd period - Shot Misses the Net.
1:19 of 2nd period - Puck is out of play.
1:20 of 2nd period - Riley Sheahan wins face-off versus Chris Stewart in Devils zone.
1:29 of 2nd period - Pavel Buchnevich is hit by Zach Parise and loses puck.
1:33 of 2nd period - Icing by Pavel Buchnevich.
1:34 of 2nd period - Riley Sheahan wins face-off versus Jamie Arniel in Oilers zone.
1:34 of 2nd period - Riley Sheahan is hit by Jamie Arniel.
1:42 of 2nd period - Wrist shot by Pavel Buchnevich.
1:42 of 2nd period - Stopped by Maxime Daigneault without a rebound.
1:43 of 2nd period - Chris Stewart wins face-off versus Riley Sheahan in Devils zone.
1:55 of 2nd period - Snap shot by Jamie Arniel.
1:55 of 2nd period - Stopped by Marc-André Fleury without a rebound.
1:56 of 2nd period - Riley Sheahan wins face-off versus Jamie Arniel in Oilers zone.
2:01 of 2nd period - Backhand shot by Oscar Klefbom.
2:01 of 2nd period - Stopped by Maxime Daigneault without a rebound.
2:02 of 2nd period - Riley Sheahan wins face-off versus Jamie Arniel in Devils zone.
2:26 of 2nd period - Slapshot by Jamie Arniel.
2:26 of 2nd period - Stopped by Marc-André Fleury without a rebound.
2:27 of 2nd period - Brad Richards wins face-off versus Connor McDavid in Oilers zone.
2:36 of 2nd period - Wrist shot by Brad Richards.
2:36 of 2nd period - Stopped by Marc-André Fleury with a rebound.
2:38 of 2nd period - Wrist shot by Patrick Kaleta.
2:38 of 2nd period - Shot Misses the Net.
2:40 of 2nd period - Wrist shot by Patrick Kaleta.
2:40 of 2nd period - Stopped by Marc-André Fleury with a rebound.
3:16 of 2nd period - Oscar Klefbom is hit by Kristopher Letang and loses puck.
3:25 of 2nd period - Wrist shot by Pavel Buchnevich.
3:25 of 2nd period - Shot Misses the Net.
3:27 of 2nd period - Wrist shot by Riley Sheahan.
3:27 of 2nd period - Shot Misses the Net.
3:50 of 2nd period - Slapshot by Patrick Kaleta.
3:50 of 2nd period - Stopped by Marc-André Fleury with a rebound.
4:18 of 2nd period - Denis Grebeshkov is hit by Tyler Ennis and loses puck.
4:29 of 2nd period - Denis Grebeshkov is hit by Tyler Ennis and loses puck.
4:42 of 2nd period - Snap shot by Patrick Kaleta.
4:42 of 2nd period - Stopped by Marc-André Fleury without a rebound.
4:43 of 2nd period - Brad Richards wins face-off versus Riley Sheahan in Oilers zone.
5:12 of 2nd period - Snap shot by Patrick Kaleta.
5:12 of 2nd period - Stopped by Marc-André Fleury without a rebound.
5:13 of 2nd period - Connor McDavid wins face-off versus Tyler Ennis in Oilers zone.
5:13 of 2nd period - Connor McDavid is hit by Nazem Kadri.
5:56 of 2nd period - Snap shot by Thomas Hickey.
5:56 of 2nd period - Stopped by Marc-André Fleury without a rebound.
5:57 of 2nd period - Riley Sheahan wins face-off versus Jamie Arniel in Oilers zone.
6:04 of 2nd period - Snap shot by Chris Stewart.
6:04 of 2nd period - Shot Blocked by Taylor Hall.
6:06 of 2nd period - Slapshot by Kristopher Letang.
6:06 of 2nd period - Stopped by Marc-André Fleury without a rebound.
6:07 of 2nd period - Jamie Arniel wins face-off versus Riley Sheahan in Oilers zone.
6:44 of 2nd period - Slapshot by Zach Parise.
6:44 of 2nd period - Shot Misses the Net.
7:04 of 2nd period - Wrist shot by Chris Stewart.
7:04 of 2nd period - Shot Misses the Net.
7:06 of 2nd period - Wrist shot by Chris Stewart.
7:06 of 2nd period - Stopped by Marc-André Fleury without a rebound.
7:07 of 2nd period - Nazem Kadri wins face-off versus Rostislav Olesz in Oilers zone.
7:46 of 2nd period - Snap shot by Connor McDavid.
7:46 of 2nd period - Shot Blocked by Patrick Kaleta.
8:20 of 2nd period - Brady Skjei is hit by Marian Gaborik and loses puck.
8:53 of 2nd period - Shea Weber is hit by Matt Donovan and loses puck.
9:08 of 2nd period - Brad Richardson is hit by Kellan Lain and loses puck.
9:27 of 2nd period - Anthony Stewart is hit by Nazem Kadri and loses puck.
11:11 of 2nd period - Thomas Hickey is hit by Tobias Enstrom and loses puck.
12:10 of 2nd period - Minor Penalty to Nick Bonino for High sticking.
12:11 of 2nd period - Martin Samuelsson wins face-off versus Connor McDavid in Devils zone.
12:42 of 2nd period - Josh Gorges is hit by Brady Skjei and loses puck.
14:03 of 2nd period - Pavel Buchnevich is hit by Matt Donovan and loses puck.
14:08 of 2nd period - Slapshot by Jamie Arniel.
14:08 of 2nd period - Stopped by Marc-André Fleury with a rebound.
14:10 of 2nd period - Penalty to Nick Bonino is over, Nick Bonino is back on ice.
14:10 of 2nd period - Slapshot by Matt Donovan.
14:10 of 2nd period - Stopped by Marc-André Fleury with a rebound.
14:12 of 2nd period - Snap shot by Zach Parise.
14:12 of 2nd period - Deflect By Jamie Arniel.
14:12 of 2nd period - Stopped by Marc-André Fleury with a rebound.
14:14 of 2nd period - Snap shot by Zach Parise.
14:14 of 2nd period - Stopped by Marc-André Fleury with a rebound.
14:16 of 2nd period - Slapshot by Zach Parise.
14:16 of 2nd period - Shot Blocked by Pavel Buchnevich.
14:18 of 2nd period - Snap shot by Matt Donovan.
14:18 of 2nd period - Deflect By Denis Grebeshkov.
14:18 of 2nd period - Stopped by Marc-André Fleury with a rebound.
14:20 of 2nd period - Wrist shot by Zach Parise.
14:20 of 2nd period - Shot Misses the Net.
14:22 of 2nd period - Slapshot by Matt Donovan.
14:22 of 2nd period - Stopped by Marc-André Fleury without a rebound.
14:23 of 2nd period - Nazem Kadri wins face-off versus Kevin Porter in Oilers zone.
14:30 of 2nd period - Nazem Kadri is hit by Kevin Porter.
14:34 of 2nd period - Kevin Porter is hit by Anton Stralman and loses puck.
14:41 of 2nd period - Kristopher Letang is hit by Kellan Lain and loses puck.
15:14 of 2nd period - Josh Gorges is hit by Taylor Hall and loses puck.
16:47 of 2nd period - Kevin Porter is hit by Kristopher Letang and loses puck.
17:04 of 2nd period - Connor McDavid is hit by Tyler Ennis and loses puck.
17:28 of 2nd period - Wrist shot by Jamie Arniel.
17:28 of 2nd period - Stopped by Marc-André Fleury without a rebound.
17:29 of 2nd period - Leon Draisaitl wins face-off versus Brad Richards in Oilers zone.
17:54 of 2nd period - Kristopher Letang is hit by Riley Sheahan and loses puck.
18:43 of 2nd period - Snap shot by Martin Samuelsson.
18:43 of 2nd period - Shot Misses the Net.
19:01 of 2nd period - Anthony Stewart is hit by Brad Richardson and loses puck.
19:08 of 2nd period - Slapshot by Brady Skjei.
19:08 of 2nd period - Stopped by Maxime Daigneault without a rebound.
19:09 of 2nd period - Nazem Kadri wins face-off versus Riley Sheahan in Devils zone.
19:45 of 2nd period - Oscar Klefbom is hit by Zach Parise and loses puck.
Goals for this period are 0 for Devils vs 0 for Oilers.
Shots for this period are 17 for Devils vs 3 for Oilers.
3rd period
0:01 of 3rd period - Riley Sheahan wins face-off versus Nazem Kadri in neutral zone.
0:20 of 3rd period - Minor Penalty to Nazem Kadri for Hooking.
0:21 of 3rd period - Martin Samuelsson wins face-off versus Connor McDavid in Devils zone.
0:35 of 3rd period - Snap shot by Connor McDavid.
0:35 of 3rd period - Deflect By Pavel Buchnevich.
0:35 of 3rd period - Stopped by Maxime Daigneault without a rebound.
0:36 of 3rd period - Martin Samuelsson wins face-off versus Connor McDavid in Devils zone.
0:41 of 3rd period - Slapshot by Anton Stralman.
0:41 of 3rd period - Stopped by Marc-André Fleury without a rebound.
0:42 of 3rd period - Martin Samuelsson wins face-off versus Connor McDavid in Oilers zone.
1:17 of 3rd period - Snap shot by Claude Giroux.
1:17 of 3rd period - Stopped by Maxime Daigneault without a rebound.
1:18 of 3rd period - Martin Samuelsson wins face-off versus Connor McDavid in Devils zone.
1:29 of 3rd period - Snap shot by Patrick Kaleta.
1:29 of 3rd period - Stopped by Marc-André Fleury with a rebound.
2:11 of 3rd period - Snap shot by Johnny Gaudreau.
2:11 of 3rd period - Stopped by Maxime Daigneault without a rebound.
2:12 of 3rd period - Martin Samuelsson wins face-off versus Connor McDavid in Devils zone.
2:20 of 3rd period - Penalty to Nazem Kadri is over, Nazem Kadri is back on ice.
2:41 of 3rd period - Snap shot by Connor McDavid.
2:41 of 3rd period - Shot Misses the Net.
2:43 of 3rd period - Wrist shot by Johnny Gaudreau.
2:43 of 3rd period - Shot Misses the Net.
2:45 of 3rd period - Wrist shot by Shea Weber.
2:45 of 3rd period - Stopped by Maxime Daigneault without a rebound.
2:46 of 3rd period - Leon Draisaitl wins face-off versus Brad Richards in Devils zone.
3:03 of 3rd period - Travis Hamonic is hit by Martin Samuelsson and loses puck.
3:18 of 3rd period - Slapshot by Oscar Klefbom.
3:18 of 3rd period - Shot Blocked by Tyler Ennis.
3:31 of 3rd period - Minor Penalty to Kellan Lain for Hooking.
3:32 of 3rd period - Riley Sheahan wins face-off versus Nazem Kadri in Oilers zone.
5:31 of 3rd period - Penalty to Kellan Lain is over, Kellan Lain is back on ice.
5:40 of 3rd period - Wrist shot by Rostislav Olesz.
5:40 of 3rd period - Shot Blocked by Josh Gorges.
5:42 of 3rd period - Wrist shot by Tobias Enstrom.
5:42 of 3rd period - Stopped by Maxime Daigneault with a rebound.
5:44 of 3rd period - Snap shot by Rostislav Olesz.
5:44 of 3rd period - Goal by Rostislav Olesz - Devils : 2 - Oilers : 1.
5:45 of 3rd period - Riley Sheahan wins face-off versus Jamie Arniel in neutral zone.
6:10 of 3rd period - Chris Stewart is hit by Leon Draisaitl and loses puck.
6:17 of 3rd period - Wrist shot by Rostislav Olesz.
6:17 of 3rd period - Goal by Rostislav Olesz - Devils : 2 - Oilers : 2.
6:18 of 3rd period - Nazem Kadri wins face-off versus Riley Sheahan in neutral zone.
6:21 of 3rd period - Snap shot by Marian Gaborik.
6:21 of 3rd period - Shot Misses the Net.
6:49 of 3rd period - Snap shot by Claude Giroux.
6:49 of 3rd period - Stopped by Maxime Daigneault with a rebound.
7:34 of 3rd period - Tobias Enstrom is hit by Thomas Hickey and loses puck.
7:40 of 3rd period - Off-side.
7:41 of 3rd period - Jamie Arniel wins face-off versus Connor McDavid in neutral zone.
7:53 of 3rd period - Icing by Johnny Gaudreau.
7:54 of 3rd period - Connor McDavid wins face-off versus Nazem Kadri in Oilers zone.
7:54 of 3rd period - Connor McDavid is hit by Marian Gaborik.
8:04 of 3rd period - Wrist shot by Claude Giroux.
8:04 of 3rd period - Stopped by Maxime Daigneault without a rebound.
8:05 of 3rd period - Nazem Kadri wins face-off versus Riley Sheahan in Devils zone.
8:20 of 3rd period - Slapshot by Pavel Buchnevich.
8:20 of 3rd period - Goal by Pavel Buchnevich - Devils : 2 - Oilers : 3.
8:21 of 3rd period - Riley Sheahan wins face-off versus Tyler Ennis in neutral zone.
8:36 of 3rd period - Slapshot by Pavel Buchnevich.
8:36 of 3rd period - Stopped by Maxime Daigneault without a rebound.
8:37 of 3rd period - Jamie Arniel wins face-off versus Connor McDavid in Devils zone.
8:45 of 3rd period - Slapshot by Chris Stewart.
8:45 of 3rd period - Shot Blocked by Claude Giroux.
8:47 of 3rd period - Slapshot by Anton Stralman.
8:47 of 3rd period - Shot Misses the Net.
9:03 of 3rd period - Nazem Kadri is hit by Shea Weber and loses puck.
9:14 of 3rd period - Slapshot by Anton Stralman.
9:14 of 3rd period - Stopped by Marc-André Fleury without a rebound.
9:15 of 3rd period - Jamie Arniel wins face-off versus Connor McDavid in Oilers zone.
9:28 of 3rd period - Snap shot by Connor McDavid.
9:28 of 3rd period - Shot Blocked by Zach Parise.
9:38 of 3rd period - Minor Penalty to Claude Giroux for Hooking.
9:39 of 3rd period - Nazem Kadri wins face-off versus Riley Sheahan in Oilers zone.
10:06 of 3rd period - Zach Parise is hit by Riley Sheahan and loses puck.
10:27 of 3rd period - Kellan Lain is hit by Brad Richards and loses puck.
11:38 of 3rd period - Penalty to Claude Giroux is over, Claude Giroux is back on ice.
11:55 of 3rd period - Off-side.
11:56 of 3rd period - Leon Draisaitl wins face-off versus Nick Bonino in neutral zone.
12:12 of 3rd period - Icing by Thomas Hickey.
12:13 of 3rd period - Riley Sheahan wins face-off versus Nick Bonino in Devils zone.
12:22 of 3rd period - Wrist shot by Taylor Hall.
12:22 of 3rd period - Stopped by Maxime Daigneault with a rebound.
12:24 of 3rd period - Wrist shot by Riley Sheahan.
12:24 of 3rd period - Stopped by Maxime Daigneault without a rebound.
12:25 of 3rd period - Riley Sheahan wins face-off versus Nazem Kadri in Devils zone.
12:41 of 3rd period - Icing by Marian Gaborik.
12:42 of 3rd period - Connor McDavid wins face-off versus Nazem Kadri in Devils zone.
12:51 of 3rd period - Snap shot by Claude Giroux.
12:51 of 3rd period - Stopped by Maxime Daigneault with a rebound.
12:53 of 3rd period - Slapshot by Shea Weber.
12:53 of 3rd period - Deflect By Johnny Gaudreau.
12:53 of 3rd period - Goal by Johnny Gaudreau - Devils : 2 - Oilers : 4.
12:54 of 3rd period - Nazem Kadri wins face-off versus Riley Sheahan in neutral zone.
13:41 of 3rd period - Minor Penalty to Kristopher Letang for Roughing.
13:42 of 3rd period - Connor McDavid wins face-off versus Patrick Kaleta in Devils zone.
14:19 of 3rd period - Wrist shot by Claude Giroux.
14:19 of 3rd period - Stopped by Maxime Daigneault with a rebound.
15:15 of 3rd period - Denis Grebeshkov is hit by Matt Donovan and loses puck.
15:20 of 3rd period - Wrist shot by Eric Tangradi.
15:20 of 3rd period - Shot Misses the Net.
15:41 of 3rd period - Penalty to Kristopher Letang is over, Kristopher Letang is back on ice.
15:59 of 3rd period - Wrist shot by Kristopher Letang.
15:59 of 3rd period - Shot Misses the Net.
16:11 of 3rd period - Snap shot by Patrick Kaleta.
16:11 of 3rd period - Shot Blocked by Denis Grebeshkov.
16:13 of 3rd period - Slapshot by Josh Gorges.
16:13 of 3rd period - Stopped by Marc-André Fleury with a rebound.
16:17 of 3rd period - Snap shot by Kristopher Letang.
16:17 of 3rd period - Stopped by Marc-André Fleury without a rebound.
16:18 of 3rd period - Kellan Lain wins face-off versus Nazem Kadri in Oilers zone.
16:24 of 3rd period - Snap shot by Kevin Porter.
16:24 of 3rd period - Stopped by Maxime Daigneault without a rebound.
16:25 of 3rd period - Kevin Porter wins face-off versus Nazem Kadri in Devils zone.
16:30 of 3rd period - Slapshot by Brady Skjei.
16:30 of 3rd period - Shot Blocked by Nazem Kadri.
16:32 of 3rd period - Slapshot by Shea Weber.
16:32 of 3rd period - Shot Misses the Net.
16:34 of 3rd period - Wrist shot by Kellan Lain.
16:34 of 3rd period - Shot Misses the Net.
16:36 of 3rd period - Wrist shot by Kevin Porter.
16:36 of 3rd period - Stopped by Maxime Daigneault with a rebound.
16:38 of 3rd period - Slapshot by Brady Skjei.
16:38 of 3rd period - Shot Blocked by Matt Donovan.
16:40 of 3rd period - Wrist shot by Kevin Porter.
16:40 of 3rd period - Shot Hit the Post.
17:16 of 3rd period - Matt Donovan is hit by Kellan Lain.
17:36 of 3rd period - Snap shot by Tyler Ennis.
17:36 of 3rd period - Deflect By Nazem Kadri.
17:36 of 3rd period - Shot Misses the Net.
17:36 of 3rd period - Puck is out of play.
17:37 of 3rd period - Riley Sheahan wins face-off versus Jamie Arniel in Oilers zone.
17:53 of 3rd period - Minor Penalty to Kristopher Letang for Hooking.
17:54 of 3rd period - Martin Samuelsson wins face-off versus Connor McDavid in Devils zone.
17:59 of 3rd period - Slapshot by Anton Stralman.
17:59 of 3rd period - Shot Blocked by Pavel Buchnevich.
19:53 of 3rd period - Penalty to Kristopher Letang is over, Kristopher Letang is back on ice.
Goals for this period are 0 for Devils vs 4 for Oilers.
Shots for this period are 5 for Devils vs 18 for Oilers.